 Dungeon Crawl Stone Soup version 0.29-a0-397-g846e4a0bbc (webtiles) character file.

Game seed: 264837498867313379

55904 pyrow613 the Destroyer (level 14, 0/121 HPs)
             Began as a Demigod Conjurer on May 9, 2022.
             Slain by an eight-headed hydra (6 damage)
             ... on level 6 of the Lair of Beasts on May 11, 2022.
             The game lasted 02:32:39 (30934 turns).

pyrow613 the Destroyer (Demigod Conjurer)          Turns: 30934, Time: 02:32:39

Health: 0/121      AC:  9    Str:  8      XL:     14   Next: 7%
Magic:  21/32      EV: 11    Int: 35 (36) God:
Gold:   2070       SH:  5    Dex: 12      Spells: 6/31 levels left

rFire   . . .      SeeInvis +   b - +4 dagger (venom)
rCold   . . .      Faith    .   L - +0 buckler
rNeg    . . .      Spirit   .   K - +4 troll leather armour
rPois   .          Reflect  .   (helmet restricted)
rElec   .          Harm     .   (no cloak)
rCorr   .          Rampage  +   (no gloves)
Will    +....                   v - +0 pair of boots
Stlth   ++++++....              e - amulet of Relativism {Rampage Regen+}
HPRegen 1.90/turn               Q - ring of Shadows {Umbra +Inv Stlth+}
MPRegen 0.23/turn               O - ring of wizardry

@: wreathed by umbra
A: high MP 1, forlorn, divine attributes, antennae 1, beak, see invisible,
deterioration 1
a: Evoke Invisibility


You were on level 6 of the Lair of Beasts.
You visited 3 branches of the dungeon, and saw 21 of its levels.
You also visited: Bailey and Gauntlet.

You collected 2070 gold pieces.

Inventory:

Hand Weapons
 a - a +3 vorpal rapier
 b - a +4 dagger of venom (weapon)
Missiles
 u - 3 throwing nets
Armour
 k - a +4 scale mail of cold resistance
 q - a +3 leather armour of willpower
 v - a +0 pair of boots (worn)
 K - a +4 troll leather armour (worn)
 L - a +0 buckler (worn)
 P - a +2 robe of cold resistance
Jewellery
 e - the amulet of Relativism (around neck) {Rampage Regen+}
   (You acquired it on level 6 of the Dungeon)

   [amulet of regeneration]

   Regen:     It increases your rate of health regeneration.
   Rampage:   It bestows one free step when moving towards enemies.
 j - a +4 ring of evasion
 l - a ring of positive energy
 p - a +4 ring of slaying
 z - a ring of protection from cold
 B - a ring of protection from fire
 E - a ring of flight
 G - a ring of ice
 O - a ring of wizardry (right hand)
 Q - the ring of Shadows (left hand) {Umbra +Inv Stlth+}
   (You found it in a Gauntlet)

   [ring of stealth]

   It surrounds you with an aura of shadow, increasing your stealth and reducing
   the accuracy of all others within it.
   +Inv:      It lets you turn invisible.
   Stlth:     It makes you more stealthy.
 R - a +4 ring of evasion
 S - an amulet of reflection
Wands
 g - a wand of acid (7)
 t - a wand of flame (40)
 w - a wand of polymorph (11)
 A - a wand of charming (14)
 J - a wand of paralysis (7)
 N - a wand of iceblast (10)
Scrolls
 c - 4 scrolls of teleportation
 d - 2 scrolls of fog
 f - 2 scrolls of amnesia
 r - 6 scrolls of enchant weapon
 s - 2 scrolls of fear
 x - 8 scrolls of identify
 y - 2 scrolls of magic mapping
 H - a scroll of enchant armour
Potions
 h - 11 potions of curing
 i - 7 potions of might
 m - a potion of invisibility
 n - 2 potions of brilliance
 o - 3 potions of lignification
 C - a potion of resistance {unknown}
 D - a potion of haste
 F - 4 potions of heal wounds
 I - 4 potions of cancellation
 T - a potion of mutation
Miscellaneous
 M - a phial of floods


   Skills:
 + Level 10.0 Fighting
 - Level 3.3 Dodging
 - Level 8.0 Stealth
 - Level 4.4 Shields
 * Level 9.4 Spellcasting
 * Level 10.9 Conjurations
 - Level 6.5 Hexes
 - Level 4.7 Summonings
 - Level 8.3 Translocations
 - Level 6.7 Air Magic


You had 6 spell levels left.
You knew the following spells:

 Your Spells              Type           Power      Damage    Failure   Level
a - Magic Dart            Conj           100%       1d8       1%          1
b - Searing Ray           Conj           100%       2d8       1%          2
c - Dazzling Flash        Conj/Hex       100%       N/A       1%          3
d - Fulminant Prism       Conj/Hex       33%        3d16      1%          4
e - Iskenderun's Mystic   Conj/Tloc      71%        2d14      1%          4
f - Apportation           Tloc           100%       N/A       1%          1
g - Summon Small Mammal   Summ           100%       N/A       1%          1
h - Lightning Bolt        Conj/Air       34%        1d51      1%          5
i - Summon Lightning Spi  Summ/Air       54%        N/A       1%          4

Your spell library contained the following spells:

 Spells                   Type           Power      Damage    Failure   Level
 Animate Skeleton         Necr           32%        N/A       1%          1
 Beastly Appendage        Tmut           32%        N/A       1%          1
 Gell's Gravitas          Tloc           66%        N/A       1%          3
 Lesser Beckoning         Tloc           66%        N/A       1%          3
 Teleport Other           Tloc           66%        N/A       1%          3
 Airstrike                Air            29%        N/A       1%          4
 Sublimation of Blood     Necr           16%        N/A       3%          2
 Wereblood                Tmut           16%        N/A       3%          2
 Leda's Liquefaction      Hex/Erth       19%        N/A       5%          4
 Spider Form              Tmut/Pois      16%        N/A       6%          3
 Irradiate                Conj/Tmut      26%        3d22      6%          5
 Petrify                  Tmut/Erth      16%        N/A       19%         4
 Lee's Rapid Deconstruct  Erth           8%         3d8*      45%         5
 Statue Form              Tmut/Erth      10%        N/A       95%         6


Dungeon Overview and Level Annotations

Branches:
Dungeon (13/15)            Temple (0/1) D:4            Lair (6/6) D:10
  Swamp (0/4) Lair:4       Spider (0/4) Lair:4        Slime (0/5) Lair:5
    Orc (2/2) D:10            Elf (0/3) Orc:2        Vaults (0/5) D:13
 Bailey (visited)         Gauntlet (visited)

Shops:
D:1 ?

Annotations:
Lair:4 1 runed translucent door
Orc:2 Saint Roka


Innate Abilities, Weirdness & Mutations

You have an increased reservoir of magic. (+10% MP)
You shall have no god before yourself.
Your divine heritage dramatically boosts your attributes as you level up.
You have a pair of small antennae on your head.
You have a beak for a mouth.
You have supernaturally acute eyesight. (SInv)
Your body sometimes deteriorates upon taking damage.


Message History

The eight-headed hydra is knocked back by the mystic blast.
The mystic blast hits the four-headed hydra!
The four-headed hydra is moderately wounded.
The four-headed hydra is knocked back by the mystic blast.
The four-headed hydra slams into the rock wall!
The four-headed hydra is heavily wounded.
You hear a trumpeting! x2
Unknown command.
Casting: Iskenderun's Mystic Blast (safe; 1% risk of failure)
Confirm with . or Enter, or press ? or * to list all spells.
You erupt in a blast of force!
The mystic blast hits the dream sheep!!
You kill the dream sheep!
The mystic blast hits the eight-headed hydra!
The eight-headed hydra is heavily wounded.
The eight-headed hydra is knocked back by the mystic blast.
The mystic blast hits the four-headed hydra!!
The four-headed hydra is severely wounded.
The four-headed hydra is knocked back by the mystic blast.
The four-headed hydra slams into the rock wall!
The four-headed hydra is severely wounded.
An elephant comes into view.
You feel your dexterity returning.
Unknown command.
Unknown command.
Unknown command.
The four-headed hydra bites you.
* * * LOW HITPOINT WARNING * * *
The four-headed hydra bites you!
* * * LOW HITPOINT WARNING * * *
The four-headed hydra barely misses you.
The four-headed hydra misses you.
The dream sheep shake their wool and sparkle.
You feel drowsy...
You fall asleep.
The eight-headed hydra bites you but does no damage.
The eight-headed hydra bites you!!
You wake up.
* * * LOW HITPOINT WARNING * * *
The eight-headed hydra bites you.
* * * LOW HITPOINT WARNING * * *
The eight-headed hydra bites you.
You die...

.P #.. . ..
.... .. .#####
#Y... ..Y#....#
... .
...Y....YP .
...#h.Y.#.# ..#
P.....D..#.....
#.....@.†.....
#....D#....<##
#...## #.####
F... ## .#. #


You could see an eight-headed hydra, a four-headed hydra, 2 elephants, a polar
bear, a cane toad and 3 dream sheep.

Vanquished Creatures
  An ironbound preserver (D:13)
  A minotaur (Gauntlet)
  Fannar (D:12)
  2 hydras
  Harold (Lair:1)
  2 centaur warriors
  A boulder beetle (Orc:1)
  2 two-headed ogres
  A death yak (Lair:3)
  5 orc high priests
  Lodul (D:12)
  A wizard (Gauntlet)
  A lindwurm (Lair:4)
  2 bog bodies (Lair:4)
  A necromancer (Gauntlet)
  2 orc knights
  An ugly thing (D:13)
  A deep elf pyromancer (D:12)
  An oklob plant (D:10)
  2 cyclopes
  2 elephants (Lair:4)
  An orc sorcerer (Orc:2)
  2 gargoyles
  A black mamba (Lair:3)
  A minotaur zombie (Gauntlet)
  12 cane toads
  Maggie (D:7)
  Psyche (D:9)
  7 rime drakes
  2 kobold demonologists
  4 komodo dragons
  8 trolls
  A queen bee (Gauntlet)
  3 polar bears
  A meliai (Lair:4)
  25 blink frogs
  Prince Ribbit (D:7)
  4 slime creatures (D:12)
  2 dream sheep
  Sigmund (D:4)
  2 shadows
  21 yaks
  5 wyverns
  A basilisk (D:12)
  Eustachio (D:5)
  A steam dragon (D:9)
  5 vampire mosquitoes
  Edmund (D:6)
  Menkaure (D:4)
  4 wargs
  2 acid dragons
  7 water moccasins
  28 orc warriors
  2 black bears
  15 ogres
  6 centaurs
  17 wolves
  4 kobold brigands
  11 bullfrogs
  4 necrophages
  2 gnoll sergeants
  12 wights
  9 killer bees
  3 howler monkeys
  9 hounds
  23 orc priests
  Crazy Yiuf (D:6)
  2 jellies
  2 gnoll shamans
  5 iguanas
  25 orc wizards
  21 gnolls
  4 adders
  3 shadow imps
  3 white imps
  4 worms
  A dart slug (D:5)
  80 orcs
  4 ball pythons
  4 bats
  3 endoplasms
  A giant cockroach (D:4)
  7 goblins
  11 hobgoblins
  6 jackals
  32 kobolds
  2 quokkas
  2 frilled lizards
  3 rats (D:2)
  4 fulminant prisms
536 creatures vanquished.

Vanquished Creatures (collateral kills)
  A hydra (Lair:5)
  An orc sorcerer (Orc:2)
  An elephant (Lair:4)
  2 cane toads
  3 komodo dragons (Lair:5)
  3 blink frogs (Lair:5)
  A basilisk (Lair:5)
  A water moccasin (Lair:4)
  3 orc warriors
  2 bullfrogs (Lair:3)
  A killer bee (Lair:4)
  3 orc priests (Orc:2)
  2 orc wizards (Orc:2)
  3 orcs
27 creatures vanquished.

Vanquished Creatures (others)
  A black bear (D:5)
  A killer bee (Lair:4)
  A howler monkey (D:5)
  2 iguanas (D:5)
  A gnoll (D:5)
  2 adders (D:5)
  A white imp (D:6)
  An ufetubus (D:5)
  265 fulminant prisms
  56 fungi
  66 plants
397 creatures vanquished.

Grand Total: 960 creatures vanquished

Notes
Turn   | Place    | Note
-------+----------+-------------------------------------------
     0 | D:1      | pyrow613 the Demigod Conjurer began the quest for the Orb.
     0 | D:1      | Reached XP level 1. HP: 14/14 MP: 5/5
    19 | D:1      | Found Aghewues's Magic Scroll Boutique.
  1043 | D:2      | Reached XP level 2. HP: 20/20 MP: 5/7
  1173 | D:2      | Learned a level 2 spell: Searing Ray
  1823 | D:2      | Reached XP level 3. HP: 27/27 MP: 1/8
  2646 | D:3      | Reached skill level 1 in Fighting
  2824 | D:3      | Reached XP level 4. HP: 35/35 MP: 7/10
  3275 | D:4      | Noticed Menkaure
  3288 | D:4      | Killed Menkaure
  3289 | D:4      | Reached XP level 5. HP: 41/41 MP: 5/11
  3808 | D:4      | Noticed Sigmund
  3817 | D:4      | Killed Sigmund
  3818 | D:4      | Reached XP level 6. HP: 35/50 MP: 1/13
  4095 | D:4      | Learned a level 3 spell: Dazzling Flash
  4100 | D:4      | Learned a level 4 spell: Fulminant Prism
  4254 | D:4      | Found a staircase to the Ecumenical Temple.
  4431 | D:5      | Entered Level 5 of the Dungeon
  4700 | D:5      | Reached skill level 1 in Hexes
  4700 | D:5      | Reached XP level 7. HP: 51/56 MP: 6/15
  4901 | D:5      | Reached skill level 5 in Conjurations
  5452 | D:5      | Noticed Eustachio
  5501 | D:5      | Killed Eustachio
  6018 | D:5      | Reached XP level 8. HP: 66/66 MP: 10/17
  6270 | D:6      | Identified a scroll of acquirement
  6270 | D:6      | Acquired the amulet of Relativism {Rampage Regen+}
  6644 | D:6      | Reached skill level 5 in Stealth
  6776 | D:6      | Noticed Edmund
  6786 | D:6      | Killed Edmund
  7219 | D:6      | Found a runed translucent door.
  7220 | D:6      | Noticed Crazy Yiuf
  7226 | D:6      | Killed Crazy Yiuf
  7788 | D:7      | Reached XP level 9. HP: 73/73 MP: 16/20
  7857 | D:7      | Noticed Prince Ribbit
  7864 | D:7      | Killed Prince Ribbit
  7865 | D:7      | Reached skill level 5 in Fighting
  7865 | D:7      | Reached skill level 5 in Spellcasting
  7948 | D:7      | Noticed Maggie
  7962 | D:7      | Killed Maggie
  8077 | D:7      | Learned a level 4 spell: Iskenderun's Mystic Blast
  8830 | D:8      | Found a flagged portal.
  8875 | Bailey   | Entered a bailey
  8964 | Bailey   | Reached skill level 1 in Translocations
  9120 | Bailey   | Found a runed translucent gate.
  9121 | Bailey   | Found a runed translucent gate.
  9122 | Bailey   | Found a runed translucent gate.
  9254 | Bailey   | Identified the +4 glaive of Oriqan {freeze, rC- Str+5}
  9254 | Bailey   | Noticed an orc warlord
  9984 | D:8      | Reached skill level 5 in Hexes
 10323 | D:8      | Reached XP level 10. HP: 81/83 MP: 17/22
 11142 | D:9      | Noticed a two-headed ogre
 11154 | D:9      | Killed a two-headed ogre
 11668 | D:9      | Noticed Psyche
 11672 | D:9      | Killed Psyche
 12387 | D:10     | Entered Level 10 of the Dungeon
 12823 | D:10     | Noticed a centaur warrior
 12842 | D:10     | Killed a centaur warrior
 13003 | D:10     | Noticed an orc knight
 13012 | D:10     | Killed an orc knight
 13084 | D:10     | Reached XP level 11. HP: 91/91 MP: 16/25
 13238 | D:10     | Found a staircase to the Orcish Mines.
 13786 | D:10     | Found a staircase to the Lair.
 14390 | D:11     | Learned a level 1 spell: Apportation
 14392 | D:11     | Learned a level 1 spell: Summon Small Mammal
 14398 | D:11     | Learned a level 5 spell: Lightning Bolt
 14425 | D:11     | Noticed a two-headed ogre
 14453 | D:11     | Killed a two-headed ogre
 14804 | D:11     | Reached skill level 1 in Shields
 14804 | D:11     | Reached skill level 1 in Air Magic
 15068 | D:12     | Noticed Lodul
 15068 | D:12     | Noticed Fannar
 15224 | D:11     | Reached skill level 5 in Translocations
 15568 | D:12     | Identified the +1 chain mail "Bureipes" {Slay+2}
 15651 | D:12     | Identified the +3 ring mail of the Old and Reckless {Harm
                  | +Blink rElec Slay-2}
 15759 | D:12     | Killed Fannar
 15944 | D:12     | Killed Lodul
 16402 | D:12     | Noticed a deep elf pyromancer
 16412 | D:12     | Killed a deep elf pyromancer
 16810 | Lair:1   | Entered Level 1 of the Lair of Beasts
 16849 | Lair:1   | Reached XP level 12. HP: 94/101 MP: 20/27
 16911 | Lair:1   | Noticed a four-headed hydra
 17042 | D:10     | Killed a four-headed hydra
 17894 | Lair:1   | Noticed Harold
 17908 | Lair:1   | Killed Harold
 19437 | Lair:2   | Gained mutation: You are frail. (-10% HP) [potion of
                  | mutation]
 19437 | Lair:2   | Gained mutation: You have a considerably increased
                  | reservoir of magic. (+20% MP) [potion of mutation]
 19437 | Lair:2   | Lost mutation: You have a considerably increased reservoir
                  | of magic. (+20% MP) [potion of mutation]
 19438 | Lair:2   | Lost mutation: You are frail. (-10% HP) [potion of
                  | mutation]
 19438 | Lair:2   | Gained mutation: You have sharp toenails. [potion of
                  | mutation]
 19438 | Lair:2   | Gained mutation: Your body sometimes deteriorates upon
                  | taking damage. [potion of mutation]
 19438 | Lair:2   | Gained mutation: You expend magic power (3 MP) to
                  | strengthen your wands. [potion of mutation]
 19439 | Lair:2   | Lost mutation: You expend magic power (3 MP) to strengthen
                  | your wands. [potion of mutation]
 19439 | Lair:2   | Lost mutation: You have sharp toenails. [potion of
                  | mutation]
 19439 | Lair:2   | Lost mutation: Your body sometimes deteriorates upon taking
                  | damage. [potion of mutation]
 19439 | Lair:2   | Gained mutation: Your body sometimes deteriorates upon
                  | taking damage. [potion of mutation]
 19439 | Lair:2   | Gained mutation: You have a pair of small antennae on your
                  | head. [potion of mutation]
 19439 | Lair:2   | Gained mutation: You have a beak for a mouth. [potion of
                  | mutation]
 19439 | Lair:2   | Gained mutation: You have supernaturally acute eyesight.
                  | (SInv) [potion of mutation]
 20369 | Lair:3   | Learned a level 4 spell: Summon Lightning Spire
 20777 | Lair:3   | Noticed an eight-headed hydra
 20792 | Lair:3   | Killed an eight-headed hydra
 20793 | Lair:3   | Reached skill level 1 in Summonings
 22047 | Orc:1    | Entered Level 1 of the Orcish Mines
 22105 | D:10     | Reached skill level 5 in Air Magic
 22739 | Orc:1    | Noticed a boulder beetle
 22743 | Orc:1    | Reached XP level 13. HP: 111/111 MP: 24/30
 23780 | Orc:2    | Entered Level 2 of the Orcish Mines
 23985 | Orc:2    | Reached skill level 10 in Conjurations
 24695 | Orc:2    | Found a staircase to the Elven Halls.
 25005 | Orc:2    | Noticed Saint Roka
 25486 | D:13     | Noticed an ironbound preserver
 25487 | D:13     | Found a gate to the Vaults.
 25761 | D:13     | Killed an ironbound preserver
 26340 | Lair:4   | Found a hole to the Spider Nest.
 26365 | Lair:4   | Found a staircase to the Swamp.
 27295 | Lair:4   | Found a runed translucent door.
 28220 | Lair:5   | Found a gate leading to a gauntlet.
 28228 | Gauntlet | Entered a Gauntlet
 28228 | Gauntlet | Found a transporter.
 28228 | Gauntlet | Found a transporter.
 28228 | Gauntlet | Found a large runed translucent door.
 28228 | Gauntlet | Found a large runed translucent door.
 28228 | Gauntlet | Found a large runed translucent door.
 28228 | Gauntlet | Found a large runed translucent door.
 28228 | Gauntlet | Found a large runed translucent door.
 28228 | Gauntlet | Found a large runed translucent door.
 28228 | Gauntlet | Found a runed translucent door.
 28228 | Gauntlet | Found a runed translucent door.
 28228 | Gauntlet | Found a large runed translucent door.
 28228 | Gauntlet | Found a large runed translucent door.
 28228 | Gauntlet | Found a large runed translucent door.
 28228 | Gauntlet | Found a large runed translucent door.
 28228 | Gauntlet | Found a large runed translucent door.
 28228 | Gauntlet | Found a large runed translucent door.
 28285 | Gauntlet | Found a transporter.
 28300 | Gauntlet | Found a transporter.
 28316 | Gauntlet | Found a transporter.
 28329 | Gauntlet | Found a transporter.
 28332 | Gauntlet | Noticed a reaper
 28408 | Gauntlet | Found a large runed translucent door.
 28408 | Gauntlet | Found a large runed translucent door.
 28409 | Gauntlet | Found a runed translucent gate.
 28409 | Gauntlet | Found a runed translucent gate.
 28409 | Gauntlet | Found a runed translucent gate.
 28411 | Gauntlet | Found a transporter.
 28421 | Gauntlet | Found a large runed translucent door.
 28422 | Gauntlet | Found a large runed translucent door.
 28426 | Gauntlet | Found a transporter.
 28452 | Gauntlet | Found a transporter.
 28455 | Gauntlet | Found a transporter.
 28539 | Gauntlet | Found a transporter.
 28549 | Gauntlet | Found a transporter.
 28557 | Gauntlet | Found the ring of Shadows {Umbra +Inv Stlth+}
 28559 | Gauntlet | Found a transporter.
 28559 | Gauntlet | Found a transporter.
 28583 | Gauntlet | Found a transporter.
 28593 | Gauntlet | Found a transporter.
 29324 | Gauntlet | Noticed a minotaur
 29338 | Gauntlet | Killed a minotaur
 29740 | Lair:5   | Reached skill level 10 in Fighting
 29743 | Lair:5   | Reached XP level 14. HP: 121/121 MP: 17/32
 30144 | Lair:5   | Upgraded the game from 0.29-a0-393-g47a863cc1b to
                  | 0.29-a0-397-g846e4a0bbc
 30443 | Lair:5   | Found a staircase to the Slime Pits.
 30788 | Lair:6   | Entered Level 6 of the Lair of Beasts
 30934 | Lair:6   | HP: 6/121 [eight-headed hydra (3)]
 30934 | Lair:6   | Slain by an eight-headed hydra

Illustrated notes

Levels and vault maps discovered:
D:1:      lemuel_arrival_cross, layout_basic, serial_shops,
          nicolae_shop_waterfront, hellmonk_ecumenical_altar_the_god_not_taken
D:2:      layout_loops_ring, serial_rivers, chequers_serial_rivers_marsh,
          chequers_serial_rivers_room_a, chequers_serial_rivers_small_b,
          chequers_serial_rivers_micro_d, kennysheep_generic_room_14
D:3:      layout_basic
D:4:      layout_loops_cross, mainiacjoe_overflow_catwalk,
          nicolae_overflow_hidden_temple, dk_noncrumbling_3, hex_large,
          serial_bayou_lagoon_b, uniq_sigmund, uniq_menkaure
D:5:      layout_loops_cross, xom_confusion_cloud, palyth_stone_intersect,
          lemuel_flamethrower_2, uniq_eustachio
D:6:      layout_basic, fiery_altar_vehumet, mainiacjoe_overflow_chevrons,
          hangedman_decor_growths, nicolae_concentric_dashed_squares_wild,
          grunt_ministairs_2, minmay_liquid_box, uniq_edmund,
          uniq_crazy_yiuf_cottage
D:7:      layout_loops_cross, mainiacjoe_overflow_alcove_1, uniq_maggie,
          uniq_prince_ribbit1
D:8:      layout_cave_pods, mainiacjoe_overflow_concentric_impassable,
          enter_bailey_4, minmay_stone_trees_small
D:9:      layout_gridville, uniq_psyche
D:10:     layout_stronghold, lemuel_crystal_altar, dpeg_oklobed_lair,
          david_orc_5
D:11:     layout_gridville
D:12:     layout_basic, uniq_lodul, uniq_fannar
D:13:     layout_small_grid, skrybe_vaults_entry_preservation,
          ebering_ghost_rock_garden, hangedman_decor_push
Lair:1:   layout_gridlike, grunt_megastairs_4, uniq_harold
Lair:2:   layout_layer_cave, grunt_megastairs_1
Lair:3:   nzn_winding_woodlands_medium [nzn_winding_woodlands_5x5_closed_star,
          nzn_winding_woodlands_5x15_default,
          nzn_winding_woodlands_5x5_open_star,
          nzn_winding_woodlands_5x5_default,
          nzn_winding_woodlands_center_pierced_h,
          nzn_winding_woodlands_5x5_three, nzn_winding_woodlands_hourglass,
          nzn_winding_woodlands_5x15_eye,
          nzn_winding_woodlands_5x5_checkerboard], layout_chaotic_city,
          grunt_megastairs_2
Lair:4:   layout_roguey, skrybe_swamp_entry_bodies,
          hellmonk_spider_entry_not_the_bees, pf_torpor_hydra
Lair:5:   layout_cave_pods, dpeg_slime_entry_enclosed_altar,
          gauntlet_entry_generic, minmay_lair_drake_nest, grunt_megastairs_3
Lair:6:   hangedman_lair_caniforms_friends, layout_misc_corridors,
          guppyfry_lair_end_dragon, nicolae_lair_lakeside_cave, uniq_snorg
Orc:1:    layout_diamond_mine, basic_altar, rock_pile
Orc:2:    st_orc_mages, layout_caves, gammafunk_ghost_smash, uniq_saint_roka,
          uniq_donald

Skill      XL: |  1  2  3  4  5  6  7  8  9 10 11 12 13 |
---------------+----------------------------------------+-----
Dodging        | 2 3 |  3.3
Stealth        | 2 3 4 5 6 7 8 |  8.0
Spellcasting   | 2 3 4 5 6 7 8 9 |  9.4
Fighting       | 1 2 3 4 5 6 8 9 10 | 10.0
Conjurations   | 4 5 6 7 8 9 10 | 10.9
Hexes          | 1 2 3 5 6 |  6.5
Translocations | 2 4 5 7 8 |  8.3
Shields        | 3 4 |  4.4
Air Magic      | 3 5 6 |  6.7
Summonings     | 2 4 |  4.7

Action                   |  1- 3 |  4- 6 |  7- 9 | 10-12 | 13-15 || total
-------------------------+-------+-------+-------+-------+-------++-------
Melee: Dagger            |     9 |     9 |    10 |    63 |    62 ||   153
       Rapier            |       |       |    50 |       |     7 ||    57
       Punch             |       |       |     1 |       |       ||     1
       Peck              |       |       |       |     3 |    13 ||    16
 Cast: Magic Dart        |    55 |    36 |    83 |   126 |   117 ||   417
       Searing Ray       |     4 |    15 |    50 |    80 |    40 ||   189
       Fulminant Prism   |       |       |    30 |   152 |    90 ||   272
       Iskenderun's Myst |       |       |     5 |    42 |    43 ||    90
       Dazzling Flash    |       |       |     1 |       |       ||     1
       Summon Small Mamm |       |       |       |     2 |       ||     2
       Summon Lightning  |       |       |       |     5 |    33 ||    38
  Use: Scroll            |       |       |    13 |    16 |     2 ||    31
       Potion            |       |       |     1 |     7 |     1 ||     9
 Stab: Distracted        |       |       |     1 |       |     1 ||     2
       Sleeping          |       |       |       |     2 |       ||     2
Armor: Robe              |     2 |     5 |     4 |       |       ||    11
       Leather armour    |       |       |     6 |    10 |       ||    16
       Troll leather arm |       |       |       |    45 |    40 ||    85
Dodge: Dodged            |    18 |    17 |    89 |   230 |   167 ||   521
Block: Buckler           |       |       |       |    40 |    65 ||   105

Table legend: (Time is in decaauts)
 A = Elapsed time spent in this place.
 B = Non-inter-level travel time spent in this place.
 C = Inter-level travel time spent in this place.
 D = Time resting spent in this place.
 E = Time spent auto-exploring this place.
 F = Levels seen in this place.
 G = Mean time per level.
                   A        B        C        D        E       F      G
               +--------+--------+--------+--------+--------+-----+--------+
         Total |  31041 |  29934 |   1107 |   9795 |  15177 |  23 | 1349.6 |
       Dungeon |  18145 |  17388 |    757 |   4981 |   9882 |  13 | 1395.8 |
          Lair |   8369 |   8107 |    262 |   2833 |   4070 |   6 | 1394.8 |
  Orcish Mines |   2655 |   2568 |     87 |   1257 |    700 |   2 | 1327.5 |
        Bailey |    510 |    510 |      0 |     52 |    224 |   1 |  510.0 |
      Gauntlet |   1361 |   1361 |      0 |    672 |    301 |   1 | 1361.0 |
               +--------+--------+--------+--------+--------+-----+--------+

Top non-repeatable levels by time:
    D:10: 3003 daAuts
  Lair:2: 1948 daAuts
  Lair:3: 1846 daAuts
     D:5: 1829 daAuts
     D:8: 1817 daAuts
  Lair:4: 1795 daAuts
  Lair:5: 1645 daAuts
    D:12: 1624 daAuts
   Orc:1: 1503 daAuts
    D:11: 1496 daAuts
     D:6: 1438 daAuts
Gauntlet: 1361 daAuts
     D:7: 1273 daAuts
     D:2: 1267 daAuts
     D:4: 1178 daAuts
